 Dungeon Sprint DCSS version 0.18.1-50-g88ac8fd (webtiles) character file.

775 Kagutsuchi the Fighter (level 7, -1/73 HPs)
             Began as a Yellow Draconian Berserker on Oct 22, 2016.
             Was an Elder of Trog.
             Slain by a wasp (10 damage)
             ... in the Dungeon (Sprint II: "The Violet Keep of Menkaure").
             The game lasted 00:02:58 (420 turns).

Kagutsuchi the Fighter (Yellow Draconian Berserker)  Turns: 420, Time: 00:03:01

Health: -1/73      AC:  6    Str: 19    XL:     7   Next: 54%
Magic:  7/7        EV: 17    Int:  7    God:    Trog [****..]
Gold:   2          SH:  0    Dex: 13    Spells: 0 memorised, 6 levels left

rFire  . . .     SeeInvis .     b - +1 morningstar (holy)
rCold  . . .     Gourm    .     (armour unavailable)
rNeg   . . .     Faith    .     (no shield)
rPois  .         Spirit   .     (helmet restricted)
rElec  .         Dismiss  .     (no cloak)
rCorr  +         Reflect  .     (no gloves)
SustAt .         Harm     .     (no boots)
MR     .....     NoTele   +     (no amulet)
Stlth  ++........               (no ring)
                                (no ring)

@: exhausted, slowed, very slow, not resistant to hostile enchantments,
unstealthy
A: spit acid, acid resistance, unfitting armour, cold-blooded, AC +6
a: Spit Acid, Berserk, Trog's Hand, Brothers in Arms, Burn Spellbooks, Renounce
Religion


You were in the Dungeon.
You worshipped Trog.
Trog was greatly pleased with you.
You were not hungry.

You visited 1 branch You collected 729 gold pieces.
You spent 727 gold pieces at shops.

Inventory:

Hand Weapons
 a - a +0 falchion
 b - a +1 morningstar of holy wrath (weapon)
Scrolls
 h - a scroll of blinking
Potions
 c - 10 potions of curing
 d - 4 potions of heal wounds
 e - 2 potions of haste
 f - 2 potions of magic
 g - a potion of berserk rage
Comestibles
 i - a slice of pizza
 j - a meat ration


   Skills:
 + Level 10.9 Fighting
 + Level 10.0 Long Blades
 + Level 1.1 Maces & Flails
 + Level 9.3 Dodging
 + Level 1.3 Stealth


You had 6 spell levels left.
You didn't know any spells.

Dungeon Overview and Level Annotations

Branches:
Dungeon (1/1)

Altars:
Cheibriados
Dithmenos
Elyvilon
Fedhas
Gozag
Kikubaaqudgha
Makhleb
Nemelex Xobeh
Okawaru
Pakellas
Qazlal
Ru
Sif Muna
Trog
Vehumet
Xom
Yredelemnul
Zin
The Shining One
Beogh
Jiyva
Lugonu

Shops:
D %[:!=([%}?[*!=!:

Annotations:
D exclusions: ice statue and oklob plant


Innate Abilities, Weirdness & Mutations

You can spit globs of acid.
You are resistant to acid.
Your golden yellow scales are hard (AC +6).
Your body does not fit into most forms of armour.
You are cold-blooded and may be slowed by cold attacks.


Message History

You are exhausted.
You feel yourself slow down.
Found a glowing silver altar of Zin and a viscous altar of Jiyva.
You see here a polar bear corpse.
Found a lumpy ivory amulet.
Found three altars.
You open the door.
A wasp comes into view.
Found a ring mail, a runed chain mail and 14 gold pieces.
There is an open door here.
A yaktaur comes into view.
The yaktaur shouts!
Found a scroll labeled QAITWA SEUD, a scale mail and 81 gold pieces. 2 polar bears come into view.
The polar bear growls angrily. x2
You hit the wasp but do no damage. The wasp closely misses you.
The polar bear moves out of view.
The yaktaur moves out of view.
The wasp stings you!
* * * LOW HITPOINT WARNING * * *
The wasp stings you!
You die...

.##.# ...# ...# ††###
#..## #..# $# #'# .##..#
+.^# .# [ #.##B..#..#
#..# c# ?$ .<.+#
+..####..##h# [["
#.##B..#...§###..h##▓▓▓▓
#'## .##...§..≈†≈≈≈≈≈≈≈≈
.#†####≈≈.§...§#y#######
.#..#≈≈≈≈≈≈≈.§§#@.......
#.###≈≈≈≈≈≈≈§.≈#...._._.
#+##≈≈≈≈§§§≈§≈§#..._._._
≈≈≈≈≈≈≈≈§≈§§≈≈≈#.._._._.
+#+++#≈≈≈≈§§§≈≈#._._._._
≈≈§≈ ##≈≈≈###≈≈#_._._._.
§§§≈≈≈##≈≈# #≈≈#._._._..
§8≈§§≈≈+§§# #≈≈#_._._...
§§≈§§≈##≈≈§≈


You could see 2 polar bears, a yaktaur and a wasp.

Vanquished Creatures
  A polar bear (D)
  4 necrophages (D)
  A crocodile (D)
  A scorpion (D)
  4 worker ants (D)
  3 worms (D)
14 creatures vanquished.

Vanquished Creatures (others)
  Menkaure (D)
  A crocodile (D)
2 creatures vanquished.

Grand Total: 16 creatures vanquished

Notes
Turn   | Place    | Note
--------------------------------------------------------------
     0 | D        | Kagutsuchi the Draconian Berserker began the quest for the Orb.
     0 | D        | Reached XP level 1. HP: 19/19 MP: 1/1
     1 | D        | Noticed a necrophage
     1 | D        | Noticed a necrophage
     1 | D        | Noticed a necrophage
     1 | D        | Noticed a necrophage
     6 | D        | Killed a necrophage
     6 | D        | Reached skill level 5 in Long Blades
     6 | D        | Reached skill level 5 in Dodging
     6 | D        | Reached XP level 2. HP: 31/31 MP: 2/2
     6 | D        | Reached XP level 3. HP: 38/38 MP: 3/3
     6 | D        | Reached XP level 4. HP: 45/45 MP: 4/4
     8 | D        | Killed a necrophage
     8 | D        | Reached XP level 5. HP: 53/53 MP: 5/5
    13 | D        | Killed a necrophage
    15 | D        | Killed Menkaure
    20 | D        | Killed a necrophage
    20 | D        | Reached XP level 6. HP: 63/63 MP: 6/6
    68 | D        | Noticed a boulder beetle
    68 | D        | Noticed a boulder beetle
    94 | D        | Reached ** piety under Trog
   126 | D        | Reached *** piety under Trog
   147 | D        | Found Wangun's Magic Scroll Emporium.
   147 | D        | Found Cyuseiti's Assorted Antiques.
   147 | D        | Found Itikhigu's Jewellery Emporium.
   147 | D        | Found Mixoisol's Gadget Shoppe.
   147 | D        | Found Efunaiz's Armour Shoppe.
   148 | D        | Found Sogatott's Food Shoppe.
   148 | D        | Found Kusaej's Book Emporium.
   148 | D        | Found Vimno's Distillery.
   148 | D        | Found Xaichucw's Distillery.
   149 | D        | Found Zuzerr's Antique Armour Shoppe.
   149 | D        | Found Ycloh's Antique Weapon Emporium.
   150 | D        | Noticed a wyvern
   151 | D        | Found Vytigija's Jewellery Emporium.
   151 | D        | Found Moudoc's Distillery.
   151 | D        | Noticed a wyvern
   151 | D        | Noticed an oklob plant
   152 | D        | Found Tibueq's Antique Armour Shoppe.
   152 | D        | Found Vaytotreng's Book Shoppe.
   152 | D        | Found Povomai's Food Emporium.
   153 | D        | Noticed a shining eye
   153 | D        | Noticed a shining eye
   170 | D        | Reached skill level 10 in Fighting
   170 | D        | Your scales start taking on a golden yellow colour.
   170 | D        | Reached XP level 7. HP: 36/72 MP: 7/7
   174 | D        | Noticed a shining eye
   335 | D        | Bought a runed morningstar for 92 gold pieces
   342 | D        | Bought a potion of curing for 39 gold pieces
   342 | D        | Bought a potion of curing for 39 gold pieces
   342 | D        | Bought a potion of curing for 39 gold pieces
   342 | D        | Bought a potion of haste for 130 gold pieces
   342 | D        | Bought a potion of curing for 39 gold pieces
   344 | D        | Bought a potion of heal wounds for 55 gold pieces
   344 | D        | Bought a potion of heal wounds for 55 gold pieces
   344 | D        | Bought a potion of curing for 33 gold pieces
   344 | D        | Bought a potion of curing for 33 gold pieces
   344 | D        | Bought a potion of curing for 33 gold pieces
   344 | D        | Bought a potion of curing for 33 gold pieces
   352 | D        | Bought a potion of heal wounds for 55 gold pieces
   352 | D        | Bought a potion of curing for 33 gold pieces
   356 | D        | Bought a slice of pizza for 19 gold pieces
   385 | D        | Noticed an ice statue
   397 | D        | Found a deep blue altar of Sif Muna.
   399 | D        | Found a roughly hewn altar of Beogh.
   400 | D        | Found a shadowy altar of Dithmenos.
   401 | D        | Found a bloodstained altar of Trog.
   401 | D        | Found an iron altar of Okawaru.
   401 | D        | Found an opulent altar of Gozag.
   402 | D        | Found a shimmering altar of Xom.
   402 | D        | Found an ancient bone altar of Kikubaaqudgha.
   402 | D        | Found a basalt altar of Yredelemnul.
   402 | D        | Found a white marble altar of Elyvilon.
   402 | D        | Found an oddly glowing altar of Pakellas.
   403 | D        | Found a burning altar of Makhleb.
   403 | D        | Found a sacrificial altar of Ru.
   403 | D        | Found a stormy altar of Qazlal.
   403 | D        | Found a corrupted altar of Lugonu.
   403 | D        | Found a snail-covered altar of Cheibriados.
   403 | D        | Found a blossoming altar of Fedhas.
   403 | D        | Noticed a polar bear
   414 | D        | Killed a polar bear
   414 | D        | Reached **** piety under Trog
   414 | D        | Reached skill level 10 in Long Blades
   414 | D        | Reached skill level 1 in Maces & Flails
   414 | D        | Reached skill level 1 in Stealth
   415 | D        | Found a glowing silver altar of Zin.
   415 | D        | Found a viscous altar of Jiyva.
   416 | D        | Found a glowing golden altar of the Shining One.
   416 | D        | Found a radiant altar of Vehumet.
   416 | D        | Found a sparkling altar of Nemelex Xobeh.
   419 | D        | Noticed a yaktaur
   420 | D        | Noticed a polar bear
   420 | D        | Noticed a polar bear
   420 | D        | Slain by a wasp

Skill      XL: |  1  2  3  4  5  6  7 |
---------------+----------------------+-----
Fighting       | 6 7 9 10 | 10.9
Long Blades    | 5 6 8 9 10 | 10.0
Dodging        | 5 6 7 8 9 |  9.3
Maces & Flails | 1 |  1.1
Stealth        | 1 |  1.3

Action                   |  1- 3 |  4- 6 |  7- 9 || total
-------------------------+-------+-------+-------++-------
Melee: Falchion          |     4 |    46 |       ||    50
       Tailslap          |     1 |     7 |     1 ||     9
       Morningstar       |       |       |    12 ||    12
Invok: Berserk           |     1 |     2 |     1 ||     4
 Stab: Sleeping          |       |     1 |       ||     1
  Eat: Bread ration      |       |     1 |       ||     1
Armor: Skin              |       |     4 |     5 ||     9
Dodge: Dodged            |     1 |    19 |    14 ||    34
